 Dungeon Crawl Stone Soup version 0.29.0-4-gdea44cf6ec (webtiles) character file.

Game seed: 6415720209387558418

42 qw the Chopper (level 3, -1/21 HPs)
             Began as a Tengu Warper on Aug 28, 2022.
             Slain by a scorpion (2 damage)
             ... on level 2 of the Dungeon.
             The game lasted 00:00:08 (1300 turns).

qw the Chopper (Tengu Warper)                       Turns: 1300, Time: 00:00:08

Health: -1/21      AC:  8    Str: 13    XL:     3   Next: 56%
Magic:  7/7        EV:  6    Int: 13    God:
Gold:   69         SH:  0    Dex: 13    Spells: 6/6 levels left

rFire   . . .      SeeInvis .   Y - +0 hand axe (vorpal)
rCold   . . .      Faith    .   (no shield)
rNeg    . . .      Spirit   .   h - +0 chain mail
rPois   .          Reflect  .   (helmet restricted)
rElec   .          Harm     .   (no cloak)
rCorr   .          Rampage  .   (no gloves)
Will    .....                   (boots unavailable)
Stlth   ..........              (no amulet)
HPRegen 0.07/turn               (no ring)
MPRegen 0.10/turn               (no ring)

@: lethally poisoned (-1 -> -13)
A: beak, talons 3
a: no special abilities


You were on level 2 of the Dungeon.
You visited 1 branch of the dungeon, and saw 2 of its levels.

You collected 69 gold pieces.


Innate Abilities, Weirdness & Mutations

You have a beak for a mouth.
You have claws for feet.


   Skills:
 - Level 2.0 Fighting
 + Level 4.2 Axes
 - Level 1.0 Throwing
 - Level 1.1 Armour
 - Level 2.1 Dodging
 - Level 2.0 Spellcasting
 - Level 2.4 Translocations


You had 6 spell levels left.
You didn't know any spells.
Your spell library contained the following spells:

 Spells                   Type           Power      Damage    Failure   Level
 Blink                    Tloc           14%        N/A       99%         2
 Gell's Gravitas          Tloc           7%         N/A       100%        3
 Lesser Beckoning         Tloc           7%         N/A       100%        3
 Teleport Other           Tloc           7%         N/A       100%        3
 Manifold Assault         Tloc           7%         N/A       100%        5

Inventory:

Hand Weapons
 k - a +1 whip of flaming
 Y - a +0 vorpal hand axe (weapon)
Armour
 h - a +0 chain mail (worn)
Scrolls
 g - 2 scrolls of identify
Potions
 a - a potion of heal wounds {unknown}
 e - a potion of lignification {unknown}

Dungeon Overview and Level Annotations

Branches:
Dungeon (2/15)

Altars:
Xom

Shops:
D:1 *


Message History

You hit the worm.
The worm is severely wounded.
You slash the worm!
You kill the worm!
A scorpion comes into view.
You hit the scorpion but do no damage. You claw the scorpion.
Your punch misses the scorpion.
The scorpion is lightly wounded.
The scorpion stings you but does no damage.
You hit the scorpion but do no damage. Your kick misses the scorpion.
The scorpion is lightly wounded.
The scorpion barely misses you.
The scorpion stings you but does no damage.
You hit the scorpion.
The scorpion is moderately wounded.
The scorpion stings you but does no damage.
You closely miss the scorpion.
The scorpion is moderately wounded.
The scorpion stings you.
You are poisoned.
The scorpion poisons you!
You barely miss the scorpion.
You claw the scorpion, but do no damage.
Your peck misses the scorpion.
The scorpion is moderately wounded.
You feel very sick. The scorpion stings you.
You are lethally poisoned!
The scorpion poisons you!
You barely miss the scorpion.
You peck the scorpion, but do no damage.
The scorpion is moderately wounded.
You feel very sick. The scorpion barely misses you. The scorpion stings you.
You hit the scorpion but do no damage. Your kick misses the scorpion.
Your peck misses the scorpion.
The scorpion is moderately wounded.
You feel very sick. The scorpion stings you.
You die...

........#####.#.#
.......%#.....#'#####
+#######............#
#............#
#............#
#.......%....#
#............#
###............#
.......@.......#
##.....s.......#
#.............#
#.....=.......#
#.............+
##............#
#............
#............


You could see a scorpion.

Vanquished Creatures
  A worm (D:2)
  3 dart slugs (D:1)
  4 bats
  2 endoplasms (D:1)
  3 giant cockroaches (D:1)
  2 goblins
  5 hobgoblins
  A quokka (D:2)
  4 frilled lizards
  4 kobolds
  A rat (D:1)
30 creatures vanquished.

Notes
Turn   | Place    | Note
-------+----------+-------------------------------------------
     0 | D:1      | qw the Tengu Warper began the quest for the Orb.
     0 | D:1      | Reached XP level 1. HP: 12/12 MP: 4/4
     0 | D:1      | 0 ||| qw: Version: 0.1-a-89-g26bdef1
     0 | D:1      | 0 ||| qw: Game counter: 1191
     0 | D:1      | 0 ||| qw: Always use a shield: true
     0 | D:1      | 0 ||| qw: God list: Okawaru
     0 | D:1      | 0 ||| qw: Allow faded altars: false
     0 | D:1      | 0 ||| qw: Do Orc after D:15 true
     0 | D:1      | 0 ||| qw: Do second Lair branch before Depths: true
     0 | D:1      | 0 ||| qw: Lair rune preference: random
     0 | D:1      | 0 ||| qw: Plans: Normal
     0 | D:1      | 0 ||| PLANNING D:1-11
    53 | D:1      | Found Atuv's Assorted Antiques.
    71 | D:1      | Reached skill level 3 in Axes
    71 | D:1      | Reached XP level 2. HP: 15/17 MP: 6/6
    99 | D:1      | 99 ||| SHOPLISTING clear potion (20 gold, have 0).
    99 | D:1      | 99 ||| SHOPLISTING golden potion (20 gold, have 0).
    99 | D:1      | 99 ||| SHOPLISTING scroll labelled BECHAEDGHOS (23 gold,
                  | have 0).
    99 | D:1      | 99 ||| SHOPLISTING scroll labelled DITOYDY PYLETS (23 gold,
                  | have 0).
    99 | D:1      | 99 ||| SHOPLISTING scroll labelled VODWYRH BUOLYM (23 gold,
                  | have 0).
    99 | D:1      | 99 ||| SHOPLISTING scroll labelled ZIAMME HOOPT (23 gold,
                  | have 0).
    99 | D:1      | 99 ||| SHOPLISTING scroll labelled ZYNLIR ACLAMUST (23
                  | gold, have 0).
   195 | D:1      | 195 ||| Stepping ~*~*~tactically~*~*~ (hiding).
   333 | D:1      | 333 ||| DROPPING +0 club.
   385 | D:1      | 385 ||| Stepping ~*~*~tactically~*~*~ (hiding).
   387 | D:1      | 387 ||| Stepping ~*~*~tactically~*~*~ (hiding).
   518 | D:1      | 518 ||| Stepping ~*~*~tactically~*~*~ (hiding).
   519 | D:1      | 519 ||| Stepping ~*~*~tactically~*~*~ (hiding).
   661 | D:1      | Reached XP level 3. HP: 21/21 MP: 7/7
   787 | D:1      | 787 ||| DROPPING +0 whip.
  1099 | D:1      | 1099 ||| UPGRADING to +1 leather armour of cold resistance.
  1109 | D:1      | 1109 ||| DROPPING +0 leather armour.
  1110 | D:1      | 1110 ||| UPGRADING to +0 chain mail.
  1120 | D:1      | 1120 ||| DROPPING +1 leather armour of cold resistance.
  1121 | D:1      | 1121 ||| READING scroll labelled VODWYRH BUOLYM.
  1122 | D:1      | 1122 ||| READING 2 scrolls labelled ZYNLIR ACLAMUST.
  1123 | D:1      | 1123 ||| READING scroll labelled DITOYDY PYLETS.
  1127 | D:1      | 1127 ||| READING scroll labelled CUPPUACZOAWO.
  1128 | D:1      | 1128 ||| DROPPING scroll of blinking.
  1147 | D:2      | Reached skill level 4 in Axes
  1161 | D:2      | Found a shimmering altar of Xom.
  1182 | D:2      | Found a faded altar of an unknown god.
  1289 | D:2      | Noticed a scorpion
  1299 | D:2      | HP: 5/21 [scorpion (2)]
  1300 | D:2      | HP: 1/21 [poisoned by a scorpion]
  1300 | D:2      | Slain by a scorpion

Levels and vault maps discovered:
D:1:      reono_arrival_forest_river, layout_loops_ring, serial_shops,
          nicolae_square_shop, serial_park_tiny_1, minmay_tromino_v4_b
D:2:      layout_basic, basic_altar, shapermc_ecumenical_altar_rom_forum

Skill      XL: |  1  2  3 |
---------------+----------+-----
Axes           | 3 4 |  4.2
Fighting       | |  2.0
Throwing       | |  1.0
Armour         | |  1.1
Dodging        | |  2.1
Spellcasting   | |  2.0
Translocations | |  2.4

Action                   || total
-------------------------++-------
Melee: Hand axe          ||    67
       Kick              ||    20
       Peck              ||    12
Throw: Boomerang         ||     7
  Use: Scroll            ||     4
 Stab: Sleeping          ||     1
Armor: Leather armour    ||     5
       Chain mail        ||    16
Dodge: Dodged            ||    20

Table legend:
 A = Non-vault XP
 B = Vault XP
 C = Vault XP percentage of total XP
 D = Non-vault monster count
 E = Vault monster count
 F = Vault count percentage of total count
                 A         B        C        D         E       F
            +---------+---------+-------+---------+---------+-------
      Total |      59 |       2 |   3.3 |      29 |       1 |   3.3
            +---------+---------+-------+---------+---------+-------
        D:1 |      42 |       2 |   4.5 |      21 |       1 |   4.5
        D:2 |      17 |       0 |   0.0 |       8 |       0 |   0.0
            +---------+---------+-------+---------+---------+-------
